 Dungeon Crawl Stone Soup version 0.25-a0-68-ge58f8a54b6 (console) character file.

Game seed: 13117021623999441222, levelgen mode: deterministic

84 utis the Skirmisher (level 4, 29/29 HPs)
             Began as a Tengu Wanderer on Nov 3, 2019.
             Quit the game on level 2 of the Dungeon.
             The game lasted 00:05:44 (2030 turns).

utis the Skirmisher (Tengu Wanderer)                Turns: 2030, Time: 00:05:44

Health: 29/29      AC:  9    Str: 15    XL:     4   Next: 46%
Magic:  5/5        EV:  7    Int: 10    God:
Gold:   34         SH:  0    Dex: 14    Spells: 3/3 levels left

rFire    . . .     SeeInvis .   a - +0 halberd
rCold    . . .     Gourm    .   (shield currently unavailable)
rNeg     . . .     Faith    .   j - +0 chain mail
rPois    .         Spirit   .   (helmet restricted)
rElec    .         Reflect  .   (no cloak)
rCorr    .         Harm     .   (no gloves)
MR       .....                  (boots unavailable)
Stlth    ..........             (no amulet)
HPRegen  0.09/turn              (no ring)
MPRegen  0.09/turn              (no ring)

@: no status effects
A: beak, talons 3
a: no special abilities


You were on level 2 of the Dungeon.
You were not hungry.

You visited 1 branch of the dungeon, and saw 2 of its levels.

You collected 34 gold pieces.

Inventory:

Hand Weapons
 a - a +0 halberd (weapon)
 b - a +2 shortbow
 c - a +0 hand axe
 f - a +0 dagger
 v - a +0 dagger
Missiles
 n - 44 arrows
 o - 46 stones (quivered)
Armour
 e - a +0 robe
 j - a +0 chain mail (worn)
 s - a +0 leather armour
Jewellery
 h - a +3 amulet of reflection {unknown}
 k - an uncursed ring of ice
 C - an uncursed ring of ice
Scrolls
 i - a scroll of remove curse {@r2}
 q - a scroll of teleportation {unknown}
Potions
 d - a potion of lignification
 l - a potion of flight
 m - a potion of heal wounds {unknown}
 p - a potion of mutation {!q}
 r - a potion of curing {@q1}
 t - a potion of brilliance {unknown}
Comestibles
 g - 2 rations {@e1}
 u - 3 chunks of flesh


   Skills:
 + Level 3.7 Fighting
 + Level 2.6 Bows
 + Level 3.6 Armour
 + Level 2.1 Dodging
 - Level 2.0 Stealth
   Level 1.0 Shields


You had 3 spell levels left.
You didn't know any spells.
Your spell library was empty.

Dungeon Overview and Level Annotations

Branches:
Dungeon (2/15)

Altars:


Innate Abilities, Weirdness & Mutations

You have a beak for a mouth.
You have claws for feet.


Message History

The goblin hits you but does no damage. x2
You closely miss the goblin.
The goblin is severely wounded.
The goblin closely misses you.
You barely miss the goblin. You claw the goblin.
You kill the goblin!
No target in view!
You see here a goblin corpse.
You butcher the goblin corpse.
u - 9 chunks of flesh (gained 3)
You see here a goblin skeleton.
You start resting.
Some of the chunks of flesh in your inventory have rotted away.
HP restored.
Some of the chunks of flesh in your inventory have rotted away.
Some of the chunks of flesh in your inventory have rotted away.
There is a stone staircase leading down here.
You climb downwards.
There is a stone staircase leading up here.
Are you sure you want to abandon this character and quit the game? (Confirm with "yes".)

░....░ ░....░ ░....░
░....░ ░....░
░░░░░░░░░....░
÷.).÷........░░░░░░░░
░░░░░░░░░...........░
░░░░....Q...░ ░░
░░.......░ .░
░...)...░ .░
░░░░░░░░░ .░ .░ ░░


There were no monsters in sight!

Vanquished Creatures
  An adder (D:2)
  3 gnolls (D:2)
  An ooze (D:1)
  A dart slug (D:1)
  A leopard gecko (D:1)
  A ball python (D:2)
  2 giant cockroaches (D:2)
  11 goblins
  2 hobgoblins (D:1)
  4 kobolds
  A quokka (D:2)
  3 bats
  2 frilled lizards (D:2)
  4 rats
37 creatures vanquished.

Notes
Turn   | Place    | Note
-------+----------+-------------------------------------------
     0 | D:1      | utis the Tengu Wanderer began the quest for the Orb.
     0 | D:1      | utis set off with the following items: a +2 shortbow, 28
                  | arrows, a +0 hand axe, a potion of lignification, a +0
                  | robe, a +0 dagger, a ration {@e1}
     0 | D:1      | Reached XP level 1. HP: 14/14 MP: 2/2
    31 | D:1      | ...
   101 | D:1      | Reached XP level 2. HP: 2/19 MP: 3/3
   477 | D:1      | Reached skill level 1 in Dodging
   825 | D:1      | Reached XP level 3. HP: 23/23 MP: 4/4
  1416 | D:2      | Reached XP level 4. HP: 26/28 MP: 5/5
  2030 | D:2      | Quit the game

Levels and vault maps discovered:
D:1:      mrwooster_arrival_arrow, layout_loops_ring, minmay_misc_feat_five
D:2:      layout_rooms, minmay_goblin_outpost, uniq_crazy_yiuf_cottage

Skill      XL: |  1  2  3 |
---------------+----------+-----
Dodging        | 1 2 |  2.1
Bows           | 2 |  2.6
Fighting       | |  3.7
Armour         | |  3.6
Stealth        | |  2.0
Shields        | |  1.0

Action                   |  1- 3 |  4- 6 || total
-------------------------+-------+-------++-------
Melee: Hand axe          |    12 |       ||    12
       Kick              |    14 |     7 ||    21
       Peck              |     5 |     3 ||     8
       Dagger            |    39 |     4 ||    43
       Halberd           |       |    31 ||    31
 Fire: Shortbow          |    21 |       ||    21
Throw: Stone             |    12 |       ||    12
  Use: Scroll            |     4 |       ||     4
 Stab: Distracted        |     1 |       ||     1
  Eat: Chunk             |     1 |     2 ||     3
Armor: Robe              |     3 |       ||     3
       Chain mail        |     9 |    20 ||    29
Dodge: Dodged            |    17 |    21 ||    38

Table legend:
 A = Non-vault XP
 B = Vault XP
 C = Vault XP percentage of total XP
 D = Non-vault monster count
 E = Vault monster count
 F = Vault count percentage of total count
                 A         B        C        D         E       F
            +---------+---------+-------+---------+---------+-------
      Total |     121 |       0 |   0.0 |      37 |       0 |   0.0
            +---------+---------+-------+---------+---------+-------
        D:1 |      41 |       0 |   0.0 |      19 |       0 |   0.0
        D:2 |      80 |       0 |   0.0 |      18 |       0 |   0.0
            +---------+---------+-------+---------+---------+-------
